Map: Ruins of Seras

Players

Ailee (Azure)

  • Race: Terran Terran
  • League: Master

Grace - Winner!

  • Race: Terran Terran
  • League: Diamond

VOD

Have the link to the VOD?

Description

Time

  • Played on: Nov. 15, 2015, 1:31 a.m.
  • Length: 9:38
Show
View Real Time Build Order
Export as new Build Order

Ailee Terran 

Build Orders: MMM Bio 

Get SALT Encoding   

  12  0:01  SCV  
  13  0:13  SCV  
  14  0:18  Supply Depot  
  14  0:25  SCV  
  15  0:39  Refinery  
  15  0:40  SCV  
  16  0:46  Barracks  
  16  0:52  SCV  
  17  1:04  SCV  
  18  1:16  SCV  
  19  1:38  Marine, Orbital Command  
  20  1:49  Command Center  
  20  2:00  Factory  
  20  2:05  SCV  
  21  2:13  Supply Depot  
  21  2:14  Marine  
  21  2:19  SCV  
  22  2:31  SCV  
  22  2:34  Refinery, Marine  
  24  2:43  SCV  
  25  2:44  Widow Mine  
  25  2:48  Starport  
  27  2:53  Marine  
  27  2:55  SCV  
  29  3:03  Orbital Command  
  29  3:10  SCV  
  29  3:11  Marine  
  31  3:14  Factory Tech Lab  
  31  3:22  SCV  
  32  3:28  Marine  
  32  3:30  SCV  
  34  3:34  SCV  
  34  3:38  Raven  
  37  3:42  SCV, Supply Depot  
  37  3:46  SCV  
  39  3:48  Barracks Reactor  
  39  3:49  Factory Tech Lab  
  39  3:56  SCV  
  39  3:58  SCV  
  41  4:08  Command Center, SCV  
  42  4:10  SCV  
  40  4:21  SCV  
  40  4:22  SCV  
  41  4:26  Marine x2  
  41  4:30  Viking  
  44  4:34  SCV  
  45  4:38  Engineering Bay  
  45  4:40  SCV  
  45  4:45  Marine x2  
  48  4:46  SCV  
  48  4:50  Siege Tank  
  52  4:54  SCV  
  52  4:58  SCV  
  52  4:59  Supply Depot  
  54  5:08  Missile Turret  
  54  5:09  Missile Turret  
  54  5:14  Stimpack  
  54  5:19  SCV, Medivac, Marine  
  54  5:20  SCV, Medivac  
  61  5:28  Orbital Command  
  61  5:32  SCV x2  
  61  5:35  Supply Depot  
  63  5:37  Marine  
  63  5:41  Siege Tank  
  67  5:44  SCV x2  
  67  5:45  Refinery  
  69  5:53  SCV  
  69  5:56  SCV x2  
  71  6:00  Marine  
  72  6:05  SCV  
  72  6:06  Barracks  
  72  6:08  SCV x2, Barracks  
  72  6:11  Supply Depot  
  75  6:15  Medivac x2  
  75  6:17  SCV  
  80  6:21  SCV  
  80  6:22  Refinery  
  80  6:23  Orbital Command  
  80  6:26  SCV  
  81  6:43  Terran Infantry Weapons Level 1, Supply Depot  
  81  6:44  Barracks, Marine  
  81  6:45  Barracks  
  81  6:46  Supply Depot  
  82  6:48  SCV x3  
  82  6:50  Refinery  
  85  7:00  SCV x2  
  86  7:08  SCV, Medivac x2  
  91  7:12  Siege Tank  
  91  7:13  SCV x2  
  91  7:15  Combat Shields  
  96  7:20  SCV  
  97  7:25  SCV  
  97  7:28  SCV, Barracks, Supply Depot  
  97  7:29  Factory, Barracks  
  99  7:30  Barracks  
  99  7:32  SCV  
  99  7:37  SCV, Marine  
  102  7:38  Barracks Reactor x2  
  102  7:40  Barracks Reactor, SCV  
  102  7:41  Barracks Reactor  
  103  7:44  SCV  
  103  7:45  Refinery  
  103  7:51  SCV  
  105  7:54  SCV, Marine  
  105  7:57  SCV  
  108  8:03  Missile Turret x2  
  108  8:04  Missile Turret  
  109  8:12  Marine  
  108  8:13  Command Center  
  108  8:15  Armory  
  108  8:16  Marine x5  
  108  8:17  Engineering Bay, Marine x2  
  108  8:18  Marine  
  117  8:32  Supply Depot  
  117  8:33  Supply Depot  
  117  8:34  Supply Depot  
  117  8:43  Marine  
  117  8:54  SCV x2, Medivac x2, Marine x7  
  130  9:02  Barracks Reactor  
  130  9:03  Barracks Reactor x2, Factory Tech Lab  
  130  9:07  Supply Depot  
  130  9:08  SCV, Supply Depot  
  130  9:10  Supply Depot  
  130  9:11  Marine x3  
  130  9:12  Marine  
  130  9:14  Marine x2  
  130  9:15  Marine  
Show
View Real Time Build Order
Export as new Build Order

Grace Terran - Winner!

Build Orders: 1/1/1, MMM Bio, Banshee Rush 

Get SALT Encoding   

  12  0:01  SCV  
  13  0:13  SCV  
  14  0:18  Supply Depot  
  14  0:25  SCV  
  15  0:35  Refinery  
  15  0:40  SCV  
  16  0:46  Barracks  
  16  0:52  SCV  
  17  1:04  SCV  
  18  1:16  SCV  
  18  1:17  Refinery  
  19  1:32  Orbital Command  
  19  1:36  Factory  
  19  1:37  Marine  
  20  1:46  Supply Depot  
  20  1:54  Marine  
  20  2:01  SCV  
  22  2:12  Marine  
  22  2:13  SCV  
  24  2:20  Starport  
  24  2:21  Factory Tech Lab  
  24  2:25  SCV  
  24  2:26  Supply Depot  
  25  2:30  Marine  
  26  2:37  SCV  
  27  2:49  SCV  
  28  3:01  Supply Depot  
  28  3:02  Banshee, Cloaking Field  
  28  3:03  Widow Mine  
  28  3:05  Barracks Reactor  
  33  3:06  SCV  
  34  3:18  SCV  
  35  3:35  Command Center  
  35  3:42  Marine x2  
  35  3:45  Factory Tech Lab, Raven  
  39  3:51  SCV  
  39  3:54  Supply Depot  
  40  4:03  Cyclone  
  40  4:05  SCV  
  44  4:16  Marine x2  
  46  4:26  SCV  
  44  4:39  Barracks  
  44  4:42  Marine  
  44  4:43  Stimpack, Barracks  
  44  4:44  Starport Reactor  
  45  4:47  Orbital Command  
  45  4:48  SCV  
  46  4:54  Siege Tank  
  49  5:02  Marine  
  49  5:04  SCV  
  51  5:08  Orbital Command  
  51  5:18  Refinery  
  51  5:20  Marine  
  51  5:21  Engineering Bay  
  52  5:22  Medivac  
  52  5:24  SCV  
  55  5:34  Barracks Reactor  
  55  5:35  Barracks  
  55  5:37  SCV  
  55  5:38  Barracks  
  55  5:39  SCV  
  57  5:47  Marine x2  
  57  5:49  SCV  
  60  5:51  SCV  
  60  5:52  Siege Tank  
  64  5:58  Terran Infantry Weapons Level 1  
  64  6:02  SCV  
  64  6:03  SCV  
  65  6:12  Supply Depot  
  65  6:14  SCV  
  65  6:17  Marine x4  
  70  6:24  Barracks Reactor x2  
  70  6:33  Medivac, Marine  
  70  6:34  SCV x2  
  70  6:35  Supply Depot, Marine  
  70  6:39  Supply Depot  
  76  6:40  Marine  
  77  6:49  Combat Shields  
  76  6:55  Marine x2  
  76  6:56  Siege Tank, Marine x2  
  83  7:02  Marine x2  
  83  7:06  SCV x2  
  83  7:08  Supply Depot, Refinery  
  87  7:09  Supply Depot, Marine  
  87  7:12  Marine  
  87  7:13  Medivac  
  91  7:18  Marine x2  
  92  7:23  Medivac  
  92  7:29  Marine x2  
  96  7:31  Siege Tank  
  96  7:36  Marine x2  
  101  7:40  Supply Depot  
  101  7:41  Marine x2  
  101  7:42  Supply Depot, Marine  
  104  7:53  Viking x2  
  104  7:55  Marine  
  109  8:17  SCV  
  109  8:19  Command Center  
  110  8:24  Marine x2  
  112  8:32  Marine x4  
  116  8:34  Supply Depot  
  116  8:35  SCV  
  116  8:38  SCV  
  118  8:51  Marine x4  
  118  8:52  Marine x2  
  124  8:59  Siege Tank  
  77  9:02  Viking  
  128  9:11  Supply Depot  
  128  9:12  Supply Depot  
  128  9:14  Marine x2  
Tags
 
Composition
MMM BioMMM Bio
Matchup
TvT
Opening
1/1/1
Player
Azure
Race
Terran
Replay Pack
ReplayyLmao
Strategy
Banshee Rush
Add a new tag
Caveats
  • Supply blocks, unpowered buildings, or Contaminate may cause inaccurate times.
  • Supply counts are checked every 10 seconds.